 Dungeon Crawl Stone Soup version 0.28.0-45-g0d030f2227 (webtiles) character file.

Game seed: 13535766916604024500

206 nickcage the Cudgeller (level 5, -1/45 HPs)
             Began as a Minotaur Abyssal Knight on Apr 11, 2022.
             Was a Believer of Lugonu.
             Slain by Grinder (6 damage)
             ... while paralysed by Grinder
             ... on level 3 of the Dungeon.
             The game lasted 00:05:38 (2840 turns).

nickcage the Cudgeller (Minotaur Abyssal Knight)    Turns: 2840, Time: 00:05:38

Health: -1/45      AC:  8    Str: 20    XL:     5   Next: 53%
Magic:  5/5        EV:  2    Int:  7    God:    Lugonu [**....]
Gold:   104        SH:  0    Dex: 10    Spells: 4/4 levels left

rFire   . . .      SeeInvis .   a - +1 mace
rCold   . . .      Faith    .   (no shield)
rNeg    . . .      Spirit   .   c - +0 chain mail
rPois   .          Reflect  .   (helmet restricted)
rElec   .          Harm     .   (no cloak)
rCorr   .          Rampage  .   (no gloves)
Will    .....                   (no boots)
Stlth   ..........              (no amulet)
HPRegen 0.15/turn               (no ring)
MPRegen 0.09/turn               (no ring)

@: paralysed
A: horns 2, retaliatory headbutt
a: Renounce Religion, Depart the Abyss, Bend Space


You were on level 3 of the Dungeon.
You worshipped Lugonu.
Lugonu was pleased with you.
You visited 1 branch of the dungeon, and saw 3 of its levels.
You visited the Abyss 1 time.

You collected 104 gold pieces.

Inventory:

Hand Weapons
 a - a +1 mace (weapon)
Missiles
 d - 126 stones
 e - 2 poisoned darts (quivered)
Armour
 b - a +0 leather armour
 c - a +0 chain mail (worn)
Jewellery
 j - a ring of ice
Scrolls
 f - a scroll of noise
 g - 2 scrolls of silence
 i - a scroll of magic mapping {unknown}
 n - 2 scrolls of identify {unknown}
Potions
 h - a potion of curing {unknown}
 k - a potion of heal wounds {unknown}
 l - a potion of brilliance {unknown}
 m - 2 potions of magic {unknown}
 o - a potion of ambrosia {unknown}


   Skills:
 - Level 3.6 Fighting
 + Level 7.1 Maces & Flails
 - Level 2.4 Armour
 - Level 1.1 Dodging
 - Level 1.7 Invocations


You had 4 spell levels left.
You didn't know any spells.
Your spell library was empty.

Dungeon Overview and Level Annotations

Branches:
Dungeon (3/15)

Altars:

Annotations:
D:3 Grinder


Innate Abilities, Weirdness & Mutations

You have a pair of horns on your head.
You reflexively headbutt those who attack you in melee.


Message History

You sock the goblin!
You kill the goblin!
Lugonu accepts your kill.
No target in view!
Grinder is nearby!
Grinder shouts!
You see here a +0 club.
Grinder gestures at you. Pain shoots through your body!
You hit Grinder. You headbutt Grinder.
Grinder is moderately wounded.
Grinder barely misses you.
You closely miss Grinder.
Grinder is moderately wounded.
Grinder hits you.
You writhe in agony.
You hit Grinder but do no damage.
Grinder is moderately wounded.
Grinder barely misses you.
You sock Grinder!
Grinder is heavily wounded.
Grinder hits you but does no damage.
You barely miss Grinder.
Grinder is heavily wounded.
Grinder hits you!
You hit Grinder.
Grinder is severely wounded.
Grinder hits you but does no damage.
You hit Grinder.
Grinder is severely wounded.
Grinder hits you.
* * * LOW HITPOINT WARNING * * *
You writhe in agony.
* * * LOW HITPOINT WARNING * * *
You barely miss Grinder.
Grinder is severely wounded.
Grinder gestures at you.
You suddenly lose the ability to move!
Grinder says, "Just stop there for a second..."
Grinder hits you.
You die...

####.####.##..#
# #<##..## ##
###)##...#
#...#...#....#
.........#
#...#.#.## ##(
#.#.# #.##.#.##
#.5@).|.#
#.......#.#....#
##.#.####.####.#
# ## #.# #.# #.#
#.# #.#


You could see Grinder.

Vanquished Creatures
  Natasha (D:3)
  An orc wizard (D:3)
  5 adders
  4 gnolls (D:3)
  A dart slug (D:3)
  4 orcs (D:3)
  4 bats
  5 endoplasms
  4 giant cockroaches
  4 goblins
  7 hobgoblins
  9 jackals (D:1)
  7 kobolds
  3 quokkas
  A ball python (D:3)
  2 frilled lizards
  6 rats
68 creatures vanquished.

Notes
Turn   | Place    | Note
-------+----------+-------------------------------------------
     0 | Abyss:1  | nickcage the Minotaur Abyssal Knight began the quest for
                  | the Orb.
     0 | Abyss:1  | Reached XP level 1. HP: 19/19 MP: 1/1
     2 | D:1      | Escaped the Abyss
    67 | D:1      | Reached skill level 3 in Maces & Flails
   255 | D:1      | Reached XP level 2. HP: 24/26 MP: 2/2
   301 | D:1      | Reached * piety under Lugonu
   410 | D:1      | Reached skill level 4 in Maces & Flails
   523 | D:1      | Reached XP level 3. HP: 22/31 MP: 3/3
  1310 | D:2      | Reached skill level 5 in Maces & Flails
  1384 | D:2      | Reached XP level 4. HP: 17/39 MP: 4/4
  2050 | D:2      | Found a faded altar of an unknown god.
  2184 | D:3      | Noticed Natasha
  2192 | D:3      | Killed Natasha
  2255 | D:3      | Reached skill level 6 in Maces & Flails
  2284 | D:3      | Reached XP level 5. HP: 13/45 MP: 5/5
  2364 | D:3      | Reached ** piety under Lugonu
  2534 | D:3      | Noticed Grinder
  2731 | D:3      | Reached skill level 7 in Maces & Flails
  2839 | D:3      | Paralysed by Grinder for 7 turns
  2840 | D:3      | Slain by Grinder

Illustrated notes

Levels and vault maps discovered:
D:1:      dpeg_arrival_boxorama, layout_basic, hangedman_decor_growths
D:2:      layout_loops_ring, hellmonk_ecumenical_altar_heavens_door
D:3:      layout_loops_ring, nicolae_ru_sacrificial_ziggurat, uniq_natasha,
          uniq_grinder

Skill      XL: |  1  2  3  4  5 |
---------------+----------------+-----
Maces & Flails | 3 4 5 6 7 |  7.1
Fighting       | |  3.6
Armour         | |  2.4
Dodging        | |  1.1
Invocations    | |  1.7

Action                   |  1- 3 |  4- 6 || total
-------------------------+-------+-------++-------
Melee: Mace              |    99 |    93 ||   192
       Headbutt          |    13 |    16 ||    29
       Punch             |     2 |     1 ||     3
Invok: Depart the Abyss  |     1 |       ||     1
  Use: Scroll            |       |     2 ||     2
Armor: Chain mail        |    72 |    34 ||   106
Dodge: Dodged            |    40 |    25 ||    65
